 Dungeon Crawl Stone Soup version 0.30-a0-930-gb9d0489357 (webtiles) character file.

Game seed: 7134674051926881361

4536 Sobieck the Grappler (level 10, 0/92 HPs)
             Began as a Naga Fighter on Mar 23, 2023.
             Was a Believer of Wu Jian.
             Slain by Amaemon
             ... wielding a +0 demon whip of venom
              (6 damage)
             ... on level 10 of the Dungeon.
             The game lasted 00:20:17 (8950 turns).

Sobieck the Grappler (Naga Fighter)                 Turns: 8950, Time: 00:20:18

Health: 0/92       AC: 16    Str: 28    XL:     10   Next: 40%
Magic:  10/10      EV:  6    Int:  8    God:    Wu Jian [**....]
Gold:   346        SH: 11    Dex: 18    Spells: 9/9 levels left

rFire   . . .      SeeInvis +      - Unarmed
rCold   . . .      Faith    .    b - +0 buckler
rNeg    . . .      Spirit   .    w - +1 troll leather armour
rPois   +          Reflect  +    S - +0 helmet
rElec   .          Rampage  .    O - +0 cloak {Stlth+}
rCorr   .                        Q - +0 pair of gloves
Will    +....                    r - +2 barding
Stlth   +++++                    i - amulet of reflection
HPRegen 1.15/turn                t - +6 ring of strength
MPRegen 0.12/turn                u - +6 ring of dexterity

@: mighty, lethally poisoned (0 -> -1), very slow
A: AC +3, large, see invisible, deformed body, poison resistance, slowness 2,
spit poison 1, naga tail 1
a: Spit Poison, Renounce Religion, Wall Jump


You were on level 10 of the Dungeon.
You worshipped Wu Jian.
Wu Jian was pleased with you.
You visited 1 branch of the dungeon, and saw 10 of its levels.

You collected 526 gold pieces.
You spent 180 gold pieces at shops.


Innate Abilities, Weirdness & Mutations

Your serpentine skin is tough. (AC +3)
You have supernaturally acute eyesight. (SInv)
Armour fits poorly on your strangely shaped body.
Your system is resistant to poisons. (rPois)
You cover ground very slowly.
You can spit poison.
You have a snake-like lower body.


   Skills:
 + Level 6.7 Fighting
 - Level 3.0 Armour
 - Level 10.0 Stealth
 + Level 6.0 Shields
 * Level 10.5 Unarmed Combat


You had 9 spell levels left.
You didn't know any spells.
Your spell library contained the following spells:

 Spells                   Type           Power      Damage    Failure   Level
 Beastly Appendage        Tmut           0%         N/A       52%         1
 Sting                    Tmut/Pois      0%         1d3       52%         1
 Summon Small Mammal      Summ           0%         N/A       52%         1
 Poisonous Vapours        Pois/Air       0%         N/A       65%         2
 Sublimation of Blood     Necr           0%         N/A       65%         2
 Wereblood                Tmut           0%         N/A       65%         2
 Call Canine Familiar     Summ           0%         N/A       87%         3
 Spider Form              Tmut/Pois      0%         N/A       87%         3
 Summon Guardian Golem    Hex/Summ       0%         N/A       87%         3
 Olgreb's Toxic Radiance  Pois           0%         N/A       99%         4
 Petrify                  Tmut/Erth      0%         N/A       99%         4
 Irradiate                Conj/Tmut      0%         3d11      100%        5
 Orb of Destruction       Conj           0%         9d5       100%        7
 Spellforged Servitor     Conj/Summ      0%         N/A       100%        7

Inventory:

Hand Weapons
 d - a +0 whip {mace}
   (You took it off a gnoll on level 1 of the Dungeon)
 m - a +0 club {mace}
   (You took it off a goblin on level 1 of the Dungeon)
Missiles
 h - 103 stones {throwing}
 j - 5 curare-tipped darts {=fthrowing}
 P - 8 poisoned darts {throwing}
 W - 6 javelins {throwing}
Armour
 b - a +0 buckler (worn)
 r - a +2 barding (worn)
   (You found it on level 1 of the Dungeon)
 v - a +2 chain mail of fire resistance
   (You took it off Terence on level 2 of the Dungeon)
 w - a +1 troll leather armour (worn)
   (You found it on level 9 of the Dungeon)
 y - a +0 scale mail
   (You found it on level 3 of the Dungeon)
 B - a +0 robe
   (You took it off an orc wizard on level 3 of the Dungeon)
 C - a +0 chain mail
   (You took it off an orc on level 3 of the Dungeon)
 F - a +0 leather armour
   (You took it off an orc on level 3 of the Dungeon)
 G - a +0 chain mail
   (You took it off a kobold on level 3 of the Dungeon)
 I - a +0 leather armour
   (You took it off an orc on level 3 of the Dungeon)
 J - a +0 robe
   (You took it off an orc wizard on level 3 of the Dungeon)
 K - a +0 ring mail
   (You took it off an orc on level 3 of the Dungeon)
 L - a +0 leather armour
   (You found it on level 4 of the Dungeon)
 M - a +0 leather armour
   (You took it off an orc on level 4 of the Dungeon)
 O - a +0 cloak of stealth (worn)
   (You bought it in a shop on level 1 of the Dungeon)
 Q - a +0 pair of gloves (worn)
   (You found it on level 5 of the Dungeon)
 S - a +0 helmet (worn)
   (You found it on level 5 of the Dungeon)
 T - a +0 ring mail
   (You found it on level 5 of the Dungeon)
 V - a +0 robe
   (You found it on level 5 of the Dungeon)
Magical Staves
 x - a staff of fire {!astaff}
   (You found it on level 2 of the Dungeon)
Jewellery
 f - a ring of wizardry
   (You found it on level 7 of the Dungeon)
 i - an amulet of reflection (around neck)
   (You found it on level 7 of the Dungeon)
 t - a +6 ring of strength (left hand)
   (You found it on level 2 of the Dungeon)
 u - a +6 ring of dexterity (right hand)
   (You took it off a hobgoblin on level 2 of the Dungeon)
 A - a ring of see invisible
   (You found it on level 3 of the Dungeon)
 Y - a ring of protection from fire
   (You found it on level 5 of the Dungeon)
Wands
 l - a wand of roots (13)
   (You found it on level 6 of the Dungeon)
Scrolls
 e - a scroll of immolation {unknown}
 g - a scroll of blinking {unknown}
 p - 5 scrolls of noise {!r}
 s - a scroll of teleportation {unknown}
 N - a scroll of enchant armour
 R - a scroll of magic mapping {unknown}
 U - 2 scrolls of poison
 X - 3 scrolls of fear {unknown}
Potions
 a - 2 potions of attraction {unknown}
 k - 2 potions of invisibility
 n - 3 potions of haste {@q3}
 o - 3 potions of brilliance
 q - a potion of berserk rage {!q}
 z - 2 potions of curing {@q1}
 D - a potion of mutation {!q}
 E - a potion of degeneration {unknown}
 H - 3 potions of lignification {!q}
 Z - 2 potions of flight {unknown}

Dungeon Overview and Level Annotations

Branches:
Dungeon (10/15) Zot: 26872  Temple (0/1) D:6            Lair (0/5) D:9
    Orc: D:9-12

Altars:
Cheibriados
Elyvilon
Kikubaaqudgha
Makhleb
Nemelex Xobeh
Qazlal
Ru
Uskayaw
Wu Jian
Xom
Zin

Shops:
D:1 [   D:6 (

Annotations:
D:4 3 runed translucent doors, cforsyth's ghost, amateur HuFi
D:7 exclusion: two-headed ogre
D:10 Amaemon

... #.# #.#####.#
#....?..# #).######
. #))§s#..# ..
#)##4#..# #.##
#.##6#..# .#....
#.##@#..#
......#####.##§#..#
........)...##§#<.#
.....#)))..#.§§#..#
... +..)..#.####.#
.
#.....#.#....######
#####.#...........#
##.###.#######.#
#............#


You could see Amaemon (fast), an orange demon (curare) and a scorpion
(summoned).


Message History

The orange demon stings you but does no damage.
You block the orange demon's attack.
Amaemon whispers, "Once I find the ORB, I'll be cured.
I'll be normal again!"
Amaemon hits you but does no damage. Amaemon claws you but does no damage.
You block Amaemon's attack.
You spin and attack Amaemon repeatedly.
You punch Amaemon! You closely miss Amaemon.
You feel very sick.
Amaemon gestures wildly while chanting.
The orange demon stings you from afar.
* * * LOW HITPOINT WARNING * * *
Amaemon casts a spell at the scorpion.
The scorpion seems to grow toxic.
Unknown command.
You feel very sick.
The orange demon stings you but does no damage.
The orange demon hits you but does no damage.
You block Amaemon's attack. Amaemon claws you.
* * * LOW HITPOINT WARNING * * *
You block Amaemon's attack. You block the orange demon's attack.
The orange demon hits you but does no damage.
You feel sick.
Amaemon zaps a wand.
You resist with some effort.
You feel sick.
Amaemon zaps a wand.
You resist with some effort.
You feel sick.
Amaemon zaps a wand.
You resist with some effort. Amaemon attacks as you move away!
Amaemon hits you with a +0 demon whip of venom.
* * * LOW HITPOINT WARNING * * *
Amaemon barely misses you. Amaemon tail-slaps you.
* * * LOW HITPOINT WARNING * * *
You feel sick.
Amaemon says, "Afraid of a little sting?"
Amaemon hits you with a +0 demon whip of venom.
* * * LOW HITPOINT WARNING * * *
You are more poisoned.
You block Amaemon's attack. x2
Okay, then.
You feel very mighty all of a sudden.
You feel very sick.
Amaemon zaps a wand.
You resist with some effort.
Amaemon zaps a wand.
Your mind is blasted!
* * * LOW HITPOINT WARNING * * *
Unknown command.
You feel better.
Amaemon casts a spell at the orange demon.
The orange demon seems to grow toxic.
The orange demon stings you from afar.
* * * LOW HITPOINT WARNING * * *
You feel better.
Amaemon mumbles some strange words.
You block the orange demon's attack.
Amaemon casts a spell.
Unknown command.
You pummel the scorpion!!
You kill the scorpion!
The scorpion's corpse disappears in a puff of smoke!
Amaemon gestures wildly while chanting.
The orange demon stings you but does no damage.
You hit the scorpion.
Amaemon hits you with a +0 demon whip of venom.
* * * LOW HITPOINT WARNING * * *
Amaemon barely misses you.
Amaemon tail-slaps you but does no damage.
The orange demon stings you but does no damage.
You closely miss the scorpion. The scorpion barely misses you.
You block Amaemon's attack. Amaemon claws you.
* * * LOW HITPOINT WARNING * * *
You block Amaemon's attack. You block the orange demon's attack.
Unknown command.
You punch the scorpion!
You kill the scorpion!
The scorpion's corpse disappears in a puff of smoke!
You block Amaemon's attack. Amaemon claws you but does no damage.
Amaemon tail-slaps you but does no damage.
Amaemon hits you with a +0 demon whip of venom!
* * * LOW HITPOINT WARNING * * *
You are poisoned.
Amaemon claws you.
* * * LOW HITPOINT WARNING * * *
You block Amaemon's attack.
As you read the scroll labelled ZOS IVAYNKUD, it crumbles to dust.
It is a scroll of enchant armour.
Your +0 troll leather armour glows green for a moment.
You feel sick. The orange demon barely misses you.
Amaemon zaps a wand.
Your mind is blasted!
* * * LOW HITPOINT WARNING * * *
Unknown command.
The air fills with toxic fumes!
As you read the scroll labelled MIULEF MUCYJIF, it crumbles to dust.
It was a scroll of poison.
You feel sick.
The scorpion disappears in a puff of smoke!
You block Amaemon's attack. Amaemon claws you.
You die...

Skill      XL: |  1  2  3  4  5  6  7  8  9 10 |
---------------+-------------------------------+-----
Stealth        | 2 3 4 5 6 7 8 10 | 10.0
Unarmed Combat | 3 4 6 8 9 10 | 10.5
Shields        | 3 4 5 6 |  6.0
Armour         | 3 |  3.0
Fighting       | 4 6 |  6.7

Action                     |  1- 3 |  4- 6 |  7- 9 | 10-12 || total
---------------------------+-------+-------+-------+-------++-------
  Melee: Unarmed           |    98 |   227 |   368 |    97 ||   790
  Throw: Dart              |       |     1 |       |       ||     1
Ability: Spit Poison       |     8 |    20 |    24 |     4 ||    56
         Lunge             |       |       |    27 |    10 ||    37
         Whirlwind         |       |       |     4 |    13 ||    17
    Use: Scroll            |       |     5 |     5 |     2 ||    12
         Potion            |       |       |       |     3 ||     3
   Stab: Sleeping          |       |     1 |     5 |     1 ||     7
 Armour: Scale mail        |    40 |    18 |       |       ||    58
         Chain mail        |       |   131 |   180 |       ||   311
         Troll leather arm |       |       |     4 |    49 ||    53
  Dodge: Dodged            |    28 |    28 |    44 |    22 ||   122
  Block: Buckler           |    16 |    43 |   105 |    49 ||   213
         Reflection        |       |       |     2 |       ||     2

Levels and vault maps discovered:
D:1:      mrwooster_arrival_arrow, layout_loops_corners, serial_shops, shop
D:2:      layout_rooms, chequers_ecumenical_altar_twisty, basic_altar,
          minmay_misc_feat_doors, uniq_terence
D:3:      layout_basic, mainiacjoe_overflow_six_doors_small
D:4:      layout_basic, overflow_temple_1_default, gammafunk_ghost_nasty_kobolds
D:5:      layout_layer_cave, mainiacjoe_overflow_boulevard
D:6:      layout_cave_pools, mainiacjoe_overflow_divided_tiny,
          mainiacjoe_overflow_alcove_4, kennysheep_little_box,
          minmay_temple_entry_sparse_star, serial_shops,
          nicolae_shop_overgrown_old_shop
D:7:      layout_loops_ring, nemelex_diamond_rough_becter,
          nicolae_qazlal_eye_of_the_storm, minivault_24
D:8:      layout_basic, kennysheep_generic_room_9
D:9:      layout_loops_corners, slow_altar_2, david_lair_shrubbed
D:10:     layout_basic, fedhas_altar_3, uniq_amaemon, uniq_erica

Notes
Turn   | Place    | Note
-------+----------+-------------------------------------------
     0 | D:1      | Sobieck the Naga Fighter began the quest for the Orb.
     0 | D:1      | Reached XP level 1. HP: 21/21 MP: 1/1
    14 | D:1      | HP: 3/21 [gnoll/+0 whip (5)]
    17 | D:1      | Reached skill level 2 in Stealth
    17 | D:1      | Reached XP level 2. HP: 4/28 MP: 2/2
   299 | D:1      | You pick up a book of Callings and begin reading...
   299 | D:1      | You add the spells Summon Small Mammal, Call Canine
                  | Familiar and Summon Guardian Golem to your library.
   438 | D:1      | You pick up a book of Changes and begin reading...
   438 | D:1      | You add the spells Beastly Appendage, Wereblood and Spider
                  | Form to your library.
   464 | D:1      | Reached XP level 3. HP: 34/34 MP: 3/3
   557 | D:1      | Reached skill level 3 in Stealth
   650 | D:1      | Found Itudus's Antique Armour Shoppe.
  1007 | D:1      | Reached skill level 3 in Unarmed Combat
  1273 | D:2      | Reached XP level 4. HP: 42/42 MP: 4/4
  1339 | D:2      | Noticed Terence
  1355 | D:2      | Killed Terence
  1356 | D:2      | Reached skill level 4 in Stealth
  1419 | D:2      | Found a faded altar of an unknown god.
  1500 | D:2      | Found an ancient bone altar of Kikubaaqudgha.
  1630 | D:2      | Reached skill level 4 in Unarmed Combat
  1630 | D:2      | Reached XP level 5. HP: 49/49 MP: 5/5
  1926 | D:3      | Found a shimmering altar of Xom.
  2380 | D:3      | Reached skill level 5 in Stealth
  2478 | D:3      | Reached XP level 6. HP: 51/56 MP: 6/6
  2621 | D:4      | Reached skill level 5 in Unarmed Combat
  2759 | D:4      | You pick up a book of Dangerous Friends and begin
                  | reading...
  2759 | D:4      | You add the spells Orb of Destruction and Spellforged
                  | Servitor to your library.
  2801 | D:4      | Reached skill level 6 in Stealth
  2955 | D:4      | Reached skill level 6 in Unarmed Combat
  2955 | D:4      | Reached XP level 7. HP: 61/62 MP: 7/7
  2972 | D:4      | Found an ornate altar of the Wu Jian Council.
  2984 | D:4      | Became a worshipper of the Wu Jian Council
  3264 | D:1      | Bought a glowing cloak for 180 gold pieces
  3398 | D:4      | Found a runed translucent gate.
  3399 | D:4      | Found a runed translucent gate.
  3400 | D:4      | Found a runed translucent gate.
  3402 | D:4      | Noticed cforsyth's ghost (amateur HuFi)
  3570 | D:5      | Entered Level 5 of the Dungeon
  3657 | D:5      | You pick up a book of Alchemy and begin reading...
  3657 | D:5      | You add the spells Sublimation of Blood, Petrify and
                  | Irradiate to your library.
  3927 | D:5      | Found a sacrificial altar of Ru.
  4412 | D:5      | Reached skill level 7 in Stealth
  4412 | D:5      | Reached skill level 3 in Shields
  4781 | D:5      | Reached XP level 8. HP: 69/69 MP: 8/8
  4968 | D:6      | Reached skill level 3 in Armour
  4994 | D:6      | Reached skill level 7 in Unarmed Combat
  5024 | D:6      | Reached skill level 4 in Fighting
  5238 | D:6      | Found Kecro's Antique Weapon Shoppe.
  5251 | D:6      | Reached skill level 8 in Stealth
  5393 | D:6      | Found a hide-covered altar of Uskayaw.
  5480 | D:6      | Reached * piety under Wu Jian
  5489 | D:6      | Found a staircase to the Ecumenical Temple.
  5491 | D:6      | Found a white marble altar of Elyvilon.
  5492 | D:6      | Found a glowing silver altar of Zin.
  5631 | D:6      | Found a burning altar of Makhleb.
  5915 | D:7      | Reached skill level 4 in Shields
  6018 | D:7      | Noticed a two-headed ogre
  6089 | D:7      | Reached skill level 8 in Unarmed Combat
  6089 | D:7      | Reached XP level 9. HP: 62/79 MP: 9/9
  6142 | D:7      | Found a sparkling altar of Nemelex Xobeh.
  6161 | D:7      | Found a stormy altar of Qazlal.
  6270 | D:7      | You add the spells Sting, Poisonous Vapours and Olgreb's
                  | Toxic Radiance to your library.
  6291 | D:7      | Reached skill level 9 in Stealth
  6301 | D:7      | Reached skill level 5 in Fighting
  7819 | D:9      | Reached skill level 5 in Shields
  7819 | D:9      | Reached skill level 9 in Unarmed Combat
  8311 | D:9      | Reached skill level 10 in Stealth
  8316 | D:9      | Noticed a troll
  8321 | D:9      | Killed a troll
  8322 | D:9      | Reached skill level 6 in Fighting
  8386 | D:9      | Reached XP level 10. HP: 88/91 MP: 10/10
  8426 | D:9      | Found a staircase to the Lair.
  8457 | D:9      | Reached skill level 10 in Unarmed Combat
  8543 | D:9      | Found a snail-covered altar of Cheibriados.
  8842 | D:10     | Entered Level 10 of the Dungeon
  8858 | D:10     | Noticed an unseen horror
  8876 | D:10     | Killed an unseen horror
  8877 | D:10     | Reached skill level 6 in Shields
  8906 | D:10     | Reached ** piety under Wu Jian
  8932 | D:10     | Noticed Amaemon
  8932 | D:10     | Noticed an orange demon
  8942 | D:10     | HP: 21/92 [poisoned by Amaemon]
  8948 | D:10     | HP: 17/92 [Amaemon/+0 demon whip of venom (8)]
  8949 | D:10     | HP: 5/92 [disintegration (7)]
  8950 | D:10     | Slain by Amaemon

Vanquished Creatures
  An unseen horror (D:10)
  A komodo dragon (D:9)
  2 trolls (D:9)
  A shadow (D:9)
  A wraith (D:10)
  A wyvern (D:9)
  3 water moccasins
  An orc warrior (D:10)
  3 ice beasts
  3 ogres
  2 phantoms (D:4)
  A centaur (D:9)
  5 bullfrogs
  A kobold brigand (D:9)
  2 gnoll sergeants (D:7)
  A scorpion (D:5)
  3 wights (D:7)
  8 killer bees (D:9)
  4 hounds
  3 orc priests
  A gnoll bouda (D:10)
  3 iguanas
  2 sleepcaps (D:6)
  4 orc wizards
  Terence (D:2)
  18 gnolls
  6 adders
  A shadow imp (D:6)
  An ufetubus (D:7)
  2 worms
  7 dart slugs
  25 orcs
  7 ball pythons
  7 bats
  9 endoplasms
  3 giant cockroaches
  5 goblins
  8 hobgoblins
  6 jackals
  5 quokkas
  3 frilled lizards (D:3)
  10 kobolds
  12 rats
193 creatures vanquished.

Vanquished Creatures (others)
  13 fungi
  9 plants
22 creatures vanquished.

Grand Total: 215 creatures vanquished

Table legend:
 A = Non-vault XP
 B = Vault XP
 C = Vault XP percentage of total XP
 D = Non-vault monster count
 E = Vault monster count
 F = Vault count percentage of total count
                 A         B        C        D         E       F
            +---------+---------+-------+---------+---------+-------
      Total |    6085 |     396 |   6.1 |     190 |       3 |   1.6
            +---------+---------+-------+---------+---------+-------
        D:1 |      55 |       0 |   0.0 |      27 |       0 |   0.0
        D:2 |      75 |      36 |  32.4 |      24 |       1 |   4.0
        D:3 |     158 |       0 |   0.0 |      31 |       0 |   0.0
        D:4 |     411 |       0 |   0.0 |      24 |       0 |   0.0
        D:5 |     490 |       0 |   0.0 |      12 |       0 |   0.0
        D:6 |     753 |       0 |   0.0 |      17 |       0 |   0.0
        D:7 |     894 |       0 |   0.0 |      20 |       0 |   0.0
        D:8 |     270 |       0 |   0.0 |       5 |       0 |   0.0
        D:9 |    2103 |     360 |  14.6 |      19 |       2 |   9.5
       D:10 |     876 |       0 |   0.0 |      11 |       0 |   0.0
            +---------+---------+-------+---------+---------+-------

Illustrated notes

Table legend:
 A = Kills in this place as a percentage of kills in the entire game.
 B = Kills by you in this place as a percentage of kills by you in the entire game.
 C = Kills by friends in this place as a percentage of kills by friends in the entire game.
 D = Other kills in this place as a percentage of other kills in the entire game.
 E = Experience gained in this place as a percentage of experience gained in the entire game.
 F = Experience gained in this place divided by the number of levels of this place that you have seen.
                   A       B       C       D       E      F
               +-------+-------+-------+-------+-------+----------------------
         Total | 100.0 | 100.0 |   N/A |   N/A | 100.0 | 648.1
       Dungeon | 100.0 | 100.0 |   N/A |   N/A | 100.0 | 648.1
               +-------+-------+-------+-------+-------+----------------------

Table legend: (Time is in decaauts)
 A = Elapsed time spent in this place.
 B = Non-inter-level travel time spent in this place.
 C = Inter-level travel time spent in this place.
 D = Time resting spent in this place.
 E = Time spent auto-exploring this place.
 F = Levels seen in this place.
 G = Mean time per level.
                   A        B        C        D        E       F      G
               +--------+--------+--------+--------+--------+-----+--------+
         Total |  11547 |  10964 |    583 |    582 |   8664 |  10 | 1154.7 |
       Dungeon |  11547 |  10964 |    583 |    582 |   8664 |  10 | 1154.7 |
               +--------+--------+--------+--------+--------+-----+--------+

Top non-repeatable levels by time:
     D:5: 1829 daAuts
     D:1: 1554 daAuts
     D:9: 1517 daAuts
     D:7: 1283 daAuts
     D:8: 1166 daAuts
     D:4: 1158 daAuts
     D:3: 1054 daAuts
     D:6: 997 daAuts
     D:2: 859 daAuts
    D:10: 126 daAuts
